Map: Deathaura LE

Players

Erik - Winner!

  • Race: Zerg Zerg
  • Spawn Location: 5:00

Darkness

  • Race: Protoss Protoss
  • League: Grandmaster
  • Spawn Location: 11:00

Event: DreamHack SC2 Masters 2020 Summer Latin America

VOD

Have the link to the VOD?

Description

Time

  • Played on: June 24, 2020, 4:22 p.m.
  • Length: 24:28

All games in this series

Show
View Real Time Build Order
Export as new Build Order

Erik Zerg - Winner!

Build Orders: Hatch First 

Get SALT Encoding   

  12  0:01  Drone  
  13  0:08  Drone  
  14  0:15  Extractor  
  14  0:16  Drone  
  15  0:36  Hatchery  
  15  0:41  Extractor  
  13  0:43  Drone  
  13  0:47  Overlord  
  15  1:03  Spawning Pool  
  14  1:06  Drone  
  14  1:10  Drone  
  16  1:13  Drone  
  16  1:18  Drone  
  18  1:29  Drone  
  19  1:39  Drone  
  20  1:49  Queen  
  20  1:50  Queen  
  20  1:51  Zergling x2  
  20  1:52  Extractor  
  20  1:53  Drone  
  25  1:59  Drone  
  25  2:00  Overlord  
  26  2:10  Drone  
  26  2:11  Drone  
  28  2:21  Drone  
  30  2:22  Drone  
  30  2:28  Queen x2  
  34  2:34  Overlord  
  34  2:36  Zergling x2  
  35  2:42  Overlord  
  35  2:44  Drone  
  36  2:56  Drone x2  
  38  2:59  Drone x5  
  38  3:01  Drone  
  44  3:08  Lair  
  44  3:11  Drone x2  
  46  3:18  Overlord  
  46  3:24  Roach Warren  
  46  3:26  Drone, Extractor  
  45  3:27  Extractor  
  45  3:28  Drone  
  45  3:33  Drone  
  46  3:40  Drone x6  
  52  3:46  Overlord  
  52  3:51  Overlord  
  52  4:00  Spore Crawler  
  52  4:01  Evolution Chamber  
  50  4:06  Glial Reconstitution, Drone  
  50  4:07  Roach  
  50  4:08  Overseer, Roach x2  
  57  4:13  Extractor  
  57  4:16  Roach  
  58  4:23  Drone x3  
  61  4:25  Overlord  
  61  4:26  Roach x3  
  67  4:37  Zerg Missile Weapons Level 1  
  67  4:43  Overseer, Overlord  
  67  4:45  Roach x3  
  72  5:00  Hatchery  
  72  5:04  Roach x6  
  83  5:16  Overlord x3  
  83  5:33  Tunneling Claws, Burrow  
  83  5:35  Drone  
  84  5:39  Pneumatized Carapace  
  84  5:41  Drone x2  
  85  5:45  Overseer  
  85  5:47  Drone x3  
  85  5:48  Drone, Metabolic Boost  
  89  5:51  Drone  
  90  6:03  Drone  
  91  6:08  Overlord  
  91  6:09  Roach x3  
  97  6:14  Queen  
  99  6:19  Drone x4  
  99  6:21  Extractor  
  99  6:22  Extractor  
  101  6:34  Overlord  
  101  6:36  Roach x5  
  111  6:46  Zerg Missile Weapons Level 2  
  111  6:49  Drone x2  
  111  6:50  Drone  
  114  6:59  Drone x7  
  121  7:03  Ravager x7  
  121  7:06  Overlord  
  121  7:07  Overlord  
  128  7:11  Drone x2, Spine Crawler  
  128  7:14  Spore Crawler  
  128  7:15  Overlord x3  
  128  7:32  Roach x6  
  128  7:33  Roach  
  142  7:39  Roach x3  
  142  7:40  Hatchery  
  147  7:48  Zergling x12  
  153  7:56  Baneling Nest  
  152  8:06  Overseer, Overlord  
  152  8:08  Overlord  
  152  8:09  Roach  
  152  8:10  Roach x8  
  170  8:18  Overlord x2  
  170  8:19  Roach x8, Spine Crawler  
  168  8:28  Roach x8  
  168  8:33  Zergling x18  
  175  8:36  Ravager x12  
  175  8:38  Roach x4  
  187  8:42  Centrifical Hooks  
  187  8:50  Zergling x16  
  174  9:12  Zergling x14  
  162  9:17  Roach x3  
  133  9:31  Roach  
  133  9:32  Roach x11  
  151  9:42  Roach x2  
  155  9:45  Roach x3  
  155  9:57  Roach  
  155  9:58  Roach x14  
  185  10:08  Overlord  
  185  10:11  Overseer, Overlord  
  185  10:12  Overseer x2  
  185  10:15  Roach x3, Spore Crawler  
  185  10:17  Spore Crawler  
  185  10:18  Spine Crawler  
  185  10:19  Roach x5  
  192  10:22  Zerg Melee Weapons Level 1  
  192  10:31  Drone x2, Spore Crawler  
  192  10:32  Drone x2, Spine Crawler  
  188  10:44  Zergling x18  
  197  10:50  Baneling x9  
  197  10:51  Baneling  
  197  10:52  Baneling x2  
  197  10:53  Baneling x2  
  197  10:55  Baneling x2  
  197  10:57  Baneling  
  197  10:58  Baneling x3  
  195  11:08  Zergling x12  
  160  11:33  Zergling x26  
  148  11:43  Zergling x6  
  147  11:52  Drone x3  
  149  12:00  Roach x4  
  157  12:02  Baneling x16  
  157  12:03  Baneling x14  
  157  12:04  Baneling  
  157  12:05  Baneling  
  157  12:12  Ravager x5  
  157  12:13  Ravager x3  
  157  12:14  Roach  
  157  12:15  Roach  
  169  12:23  Zerg Melee Weapons Level 2  
  169  12:26  Zergling x2  
  169  12:27  Zergling x12  
  172  12:43  Zergling x26  
  176  12:54  Drone x4  
  176  12:55  Infestation Pit  
  179  13:01  Drone  
  167  13:17  Overseer x2  
  167  13:23  Zergling x22  
  171  13:27  Baneling  
  171  13:28  Baneling x25  
  171  13:33  Roach x4  
  172  13:50  Zergling x18  
  148  14:05  Zergling x2  
  148  14:06  Zergling x12  
  135  14:14  Hive  
  131  14:18  Roach x6  
  131  14:21  Baneling x9  
  131  14:22  Baneling x6  
  142  14:24  Ravager x4  
  142  14:25  Overseer  
  142  14:26  Overseer  
  145  14:36  Baneling x2  
  144  14:46  Roach x12  
  144  14:51  Zergling x12  
  160  14:59  Zergling x10  
  149  15:05  Zergling x6  
  152  15:12  Zergling x8  
  132  15:22  Zergling x18  
  134  15:33  Zergling x2  
  134  15:34  Zergling x10  
  123  15:45  Roach x5  
  123  15:46  Roach x2  
  125  15:51  Roach  
  125  15:52  Roach x4  
  135  16:03  Ravager  
  136  16:04  Baneling  
  136  16:05  Baneling x13  
  136  16:08  Ravager  
  136  16:09  Ravager x4  
  136  16:10  Overseer  
  136  16:11  Hatchery  
  140  16:20  Adrenal Glands  
  138  16:26  Zergling x10  
  138  16:27  Zergling x2  
  138  16:28  Overlord  
  143  16:37  Overlord  
  143  16:42  Spire  
  142  16:49  Zergling x18  
  142  16:51  Overlord  
  151  16:54  Overlord x2  
  151  16:58  Ravager x5  
  156  17:05  Zergling x8  
  157  17:20  Roach x8  
  173  17:23  Overseer  
  166  17:47  Overseer x2  
  166  17:49  Roach x12  
  190  17:56  Baneling x2  
  190  17:57  Baneling x3  
  190  18:04  Extractor  
  190  18:05  Extractor  
  188  18:06  Greater Spire  
  188  18:09  Overlord  
  188  18:13  Zergling x2  
  188  18:14  Zergling x4  
  188  18:15  Overlord  
  188  18:20  Roach  
  179  18:30  Zergling x36  
  179  18:31  Zergling x2  
  183  18:47  Baneling  
  183  18:48  Baneling x6  
  183  18:49  Zergling x6  
  183  18:50  Zergling x18  
  189  19:08  Corruptor  
  189  19:09  Corruptor x4  
  199  19:16  Baneling x9  
  199  19:18  Baneling  
  199  19:27  Extractor  
  199  19:28  Extractor  
  199  19:29  Zergling x4  
  196  19:44  Brood Lord  
  192  19:53  Brood Lord  
  177  20:02  Brood Lord  
  167  20:10  Zergling x40  
  167  20:11  Zergling x2  
  181  20:26  Zergling x2  
  181  20:27  Zergling x22  
  193  20:29  Brood Lord x2  
  193  20:30  Hatchery  
  195  20:55  Hatchery  
  195  20:57  Corruptor  
  195  20:58  Corruptor  
  196  21:17  Baneling x3  
  192  21:30  Corruptor x3  
  197  21:42  Unknown  
  197  21:44  Unknown  
  191  22:11  Brood Lord x3  
  190  22:23  Zergling x16  
  190  22:24  Zergling x8  
  180  22:38  Hatchery  
  162  22:48  Roach x19  
  191  22:56  Spore Crawler  
  191  22:57  Spine Crawler  
  189  22:59  Spine Crawler  
  189  23:00  Spine Crawler x2  
  189  23:02  Spine Crawler  
  181  23:06  Corruptor  
  181  23:10  Zergling x2  
  181  23:11  Zergling x14  
  191  23:19  Extractor  
  182  23:21  Extractor  
  182  23:26  Corruptor x2  
  117  23:56  Zergling x2  
  117  23:57  Zergling x28  
Show
View Real Time Build Order
Export as new Build Order

Darkness Protoss 

Build Orders: 1 Gate Expand 

Get SALT Encoding   

  12  0:00  Probe  
  13  0:12  Probe  
  14  0:18  Pylon  
  14  0:24  Probe  
  15  0:32  Probe  
  15  0:38  Gateway  
  15  0:40  Probe  
  16  0:46  Assimilator  
  17  0:51  Probe  
  18  1:03  Probe  
  19  1:15  Probe  
  20  1:23  Nexus  
  20  1:33  Cybernetics Core  
  20  1:36  Probe  
  21  1:43  Assimilator  
  21  1:48  Probe  
  21  1:51  Pylon  
  22  2:00  Adept, Probe  
  23  2:09  Warp Gate  
  23  2:12  Probe  
  26  2:20  Stalker, Robotics Facility  
  26  2:24  Probe  
  27  2:36  Probe  
  30  2:42  Probe  
  31  2:44  Probe  
  31  2:49  Adept  
  34  2:52  Probe  
  34  2:54  Probe  
  36  3:00  Gateway  
  36  3:03  Probe  
  37  3:06  Probe  
  37  3:09  Observer  
  39  3:15  Probe  
  39  3:19  Assimilator  
  40  3:21  Probe, Pylon  
  40  3:23  Probe  
  41  3:27  Gateway  
  41  3:33  Probe  
  41  3:34  Observer, Probe  
  45  3:45  Probe  
  45  3:46  Probe  
  47  3:55  Immortal, Assimilator  
  51  3:57  Probe  
  51  3:58  Probe  
  53  4:09  Twilight Council  
  52  4:10  Probe x2  
  52  4:14  Pylon  
  53  4:22  Probe  
  54  4:30  Gateway  
  54  4:32  Probe  
  54  4:34  Immortal  
  54  4:35  Probe  
  60  4:44  Sentry, Probe  
  62  4:46  Pylon  
  62  5:02  Nexus  
  62  5:04  Probe x2  
  62  5:05  Blink  
  62  5:06  Sentry x2, Pylon  
  68  5:07  Sentry  
  68  5:08  Pylon  
  70  5:16  Forge  
  70  5:21  Pylon  
  70  5:23  Observer  
  70  5:24  Probe x2  
  73  5:32  Immortal  
  72  5:36  Probe x2  
  72  5:40  Sentry  
  72  5:41  Sentry  
  78  5:43  Protoss Ground Weapons Level 1  
  78  5:48  Probe x2  
  84  5:52  Gateway  
  84  5:53  Gateway  
  84  5:55  Gateway  
  84  5:58  Photon Cannon  
  84  5:59  Stalker x2  
  84  6:00  Shield Battery  
  88  6:10  Sentry, Stalker  
  92  6:14  Pylon  
  92  6:25  Probe x3  
  99  6:37  Probe x2  
  99  6:38  Immortal  
  101  6:40  Probe  
  101  6:42  Pylon  
  101  6:43  Stalker x2  
  101  6:44  Stalker  
  108  6:49  Probe x2  
  108  6:52  Probe  
  111  6:54  Photon Cannon  
  111  7:01  Stalker x4, Probe  
  120  7:09  Pylon  
  120  7:10  Pylon  
  120  7:12  Pylon  
  120  7:15  Photon Cannon  
  120  7:17  Photon Cannon  
  120  7:18  Observer  
  121  7:34  Pylon, Protoss Ground Weapons Level 2  
  121  7:35  Probe  
  121  7:36  Probe  
  123  7:38  Assimilator x2, Pylon  
  123  7:39  Immortal  
  127  7:45  Stalker x2  
  127  7:46  Stalker x3, Observer  
  137  7:51  Stalker x2  
  141  8:04  Photon Cannon  
  141  8:06  Pylon  
  141  8:13  Observer  
  141  8:15  Stalker x3  
  141  8:16  Stalker x3  
  154  8:31  Stalker  
  155  8:39  Dark Shrine  
  155  8:40  Observer  
  155  8:42  Robotics Facility  
  155  8:46  Nexus  
  155  8:53  Pylon  
  155  8:54  Pylon  
  155  8:55  Stalker x5  
  147  9:18  Stalker  
  147  9:19  Stalker x4  
  147  9:30  Stalker  
  131  9:32  Immortal  
  131  9:38  Probe  
  132  9:41  Photon Cannon  
  132  9:43  Photon Cannon  
  140  9:46  Pylon  
  140  9:47  Pylon  
  140  9:48  Stalker x2  
  144  9:55  Dark Templar x2, Protoss Ground Weapons Level 3  
  144  9:59  Probe x3  
  151  10:00  Probe  
  152  10:16  Observer  
  152  10:19  Dark Templar x2  
  156  10:22  Immortal  
  156  10:24  Assimilator  
  156  10:25  Assimilator  
  156  10:26  Probe x2  
  159  10:28  Probe  
  159  10:29  Probe  
  159  10:34  Stalker x3  
  167  10:38  Probe x2  
  167  10:47  Immortal  
  171  10:50  Probe x2  
  171  10:51  Gateway  
  171  10:55  Gateway  
  171  10:56  Photon Cannon  
  171  10:58  Sentry x3  
  171  10:59  Pylon  
  171  11:01  Immortal  
  181  11:04  Archon  
  181  11:14  Dark Templar  
  181  11:15  Dark Templar  
  180  11:26  Immortal  
  180  11:29  Stalker x3  
  154  11:51  Probe x3  
  154  11:53  Photon Cannon  
  154  11:54  Photon Cannon  
  157  11:55  Shield Battery  
  157  11:57  Shield Battery  
  157  12:02  Immortal  
  157  12:04  Sentry x3  
  157  12:05  Zealot  
  157  12:06  Immortal  
  169  12:11  Photon Cannon  
  169  12:13  Photon Cannon, Stalker x2  
  169  12:14  Stalker  
  169  12:15  Photon Cannon  
  175  12:16  Photon Cannon  
  175  12:20  Photon Cannon  
  175  12:22  Gateway  
  175  12:26  Pylon  
  175  12:33  Stalker x4  
  183  12:41  Immortal  
  179  12:45  Immortal  
  179  12:46  Dark Templar  
  179  12:47  Dark Templar x2  
  187  12:59  Stalker  
  187  13:00  Stalker x3  
  191  13:06  Protoss Ground Armor Level 1  
  184  13:19  Warp Prism  
  184  13:28  Dark Templar x4  
  184  13:31  Dark Templar  
  184  13:32  Stalker  
  184  13:33  Stalker x2  
  198  13:47  Immortal  
  186  14:01  Stalker x7  
  172  14:04  Probe  
  172  14:08  Dark Templar  
  164  14:20  Observer  
  165  14:30  Stalker x7  
  179  14:33  Immortal  
  183  14:38  Archon  
  183  14:39  Archon  
  167  14:59  Stalker  
  155  15:00  Stalker x7  
  139  15:27  Immortal  
  125  15:33  Immortal, Protoss Ground Armor Level 2  
  123  15:39  Stalker x3  
  123  15:40  Stalker x5  
  121  15:55  Immortal  
  121  16:04  Immortal  
  121  16:07  Sentry x3, Nexus  
  121  16:10  Pylon  
  131  16:13  Zealot  
  136  16:19  Stalker x4  
  136  16:24  Warp Prism  
  144  16:34  Dark Templar, Immortal  
  144  16:35  Dark Templar  
  150  16:43  Charge  
  154  16:53  Immortal  
  158  17:03  Photon Cannon  
  158  17:04  Photon Cannon  
  158  17:06  Photon Cannon, Immortal  
  158  17:07  Shield Battery  
  158  17:24  Stalker x5  
  158  17:25  Stalker  
  170  17:36  Dark Templar x2  
  174  17:43  Photon Cannon  
  174  17:45  Pylon  
  174  17:48  Photon Cannon  
  174  17:49  Observer  
  174  17:50  Dark Templar, Observer  
  174  17:51  Dark Templar  
  179  18:04  Zealot x3  
  179  18:05  Zealot  
  179  18:28  Dark Templar x3, Protoss Ground Armor Level 3  
  185  18:35  Photon Cannon  
  185  18:36  Photon Cannon  
  185  18:37  Dark Templar  
  185  18:38  Zealot x4  
  195  18:44  Photon Cannon  
  195  18:45  Shield Battery  
  195  18:56  Assimilator x2  
  179  19:12  Observer x2  
  181  19:18  Zealot x8  
  197  19:28  Robotics Bay  
  197  19:48  Nexus  
  197  19:50  Dark Templar x3, Pylon  
  197  19:59  Dark Templar, Zealot  
  189  20:00  Zealot  
  189  20:06  Disruptor  
  171  20:09  Disruptor  
  160  20:15  Probe x4  
  169  20:24  Probe  
  169  20:27  Archon, Probe x3  
  169  20:28  Probe  
  174  20:35  Dark Templar, Zealot  
  176  20:36  Zealot  
  176  20:39  Disruptor  
  176  20:41  Warp Prism  
  183  21:03  Probe x5  
  181  21:15  Probe x5  
  185  21:20  Disruptor  
  185  21:26  Dark Templar x3  
  185  21:27  Probe x2  
  196  21:37  Probe  
  185  21:41  Probe x4  
  183  21:55  Probe x3  
  183  21:57  Zealot x2  
  177  22:10  Disruptor  
  178  22:20  Zealot x4  
  173  22:36  Zealot x4  
  155  22:47  Observer  
  160  22:58  Sentry x4  
  164  23:08  Observer  
  164  23:10  Nexus  
  161  23:25  Stalker x7  
  161  23:26  Stalker  
  69  24:13  Stalker x2  
  69  24:14  Stalker  
Tags
 
Add a new tag
Caveats
  • Supply blocks, unpowered buildings, or Contaminate may cause inaccurate times.
  • Supply counts are checked every 10 seconds.